TOP OF THE 1ST |
Greensboro Grasshoppers batting - Pitching for Atlanta (MID) Braves : RHP Andy Kiefer
|
Pitching: RHP Andy Kiefer
|
|
Batting: RHB Tom Thompson
|
0-0: Swinging Strike 0-1: Foul Ball, location: 2F 0-2: Foul Ball, location: 2F 0-2: Ball 1-2: SINGLE (Groundball, 56D, EV 95.0 MPH)
|
Batting: RHB Masumitsu Sugiura
|
0-0: Ball 1-0: Called Strike 1-1: Swinging Strike 1-2: Ball 2-2: Ball 3-2: Foul Ball, location: 2F 3-2: Foul Ball, location: 2F 3-2: Strikes out looking Tom Thompson steals 2nd, throwing error, E2 Tom Thompson to third
|
Batting: RHB Isaiah Brockman
|
0-0: Called Strike 0-1: Ball 1-1: Ball 2-1: Ball 3-1: Base on Balls
|
Batting: RHB Jake Shelton
|
0-0: Ball 1-0: Ball 2-0: DOUBLE (Line Drive, 5D, EV 103.1 MPH) Tom Thompson scores Isaiah Brockman to third
|
Batting: RHB Boof Howell
|
0-0: Called Strike 0-1: Ground out 1-3 (Groundball, 25, EV 72.5 MPH)
|
Batting: RHB Jordan Arcidez
|
0-0: Swinging Strike 0-1: Ball 1-1: Foul Ball, location: 2F 1-2: Ball 2-2: Ball 3-2: Strikes out swinging
|
Top of the 1st over - 1 run, 2 hits, 1 error, 2 left on base; Greensboro 1 - Atlanta (MID) 0 |
BOTTOM OF THE 1ST |
Atlanta (MID) Braves batting - Pitching for Greensboro Grasshoppers : LHP Evan Baxter
|
Pitching: LHP Evan Baxter
|
|
Batting: SHB Brandon McClain
|
0-0: Ball 1-0: Called Strike 1-1: Ground out 5-3 (Groundball, 56S, EV 81.9 MPH)
|
Batting: RHB Andy Cunningham
|
0-0: Foul Ball, location: 2F 0-1: Ball 1-1: Ball 2-1: Ball 3-1: SINGLE (Line Drive, 78S, EV 90.6 MPH)
|
Batting: RHB Xavier Davis
|
0-0: Called Strike 0-1: Ball 1-1: Ball 2-1: DOUBLE (Flyball, 8RXD, EV 96.3 MPH) Andy Cunningham to third
|
Batting: RHB Joseph Kirchmann
|
0-0: Ball 1-0: 3-RUN HOME RUN (Flyball, 7D, EV 101.9 MPH), Distance : 395 ft
|
Batting: RHB Mike Shook
|
0-0: Called Strike 0-1: Ball 1-1: SOLO HOME RUN (Flyball, 7LD, EV 94.4 MPH), Distance : 332 ft
|
Batting: RHB Corey Dalton
|
0-0: Ball 1-0: Ball 2-0: Ball 3-0: Base on Balls
|
Batting: RHB Nick Platt
|
0-0: Ball 1-0: Called Strike 1-1: Called Strike 1-2: Grounds into double play, 4-6-3 (Groundball, 4, EV 100.6 MPH)
|
Bottom of the 1st over - 4 runs, 4 hits, 0 errors, 0 left on base; Greensboro 1 - Atlanta (MID) 4 |
TOP OF THE 2ND |
Greensboro Grasshoppers batting - Pitching for Atlanta (MID) Braves : RHP Andy Kiefer
|
Batting: RHB Bob Raine
|
0-0: Swinging Strike 0-1: Foul Ball, location: 2F 0-2: Ball 1-2: SINGLE (Groundball, 6MD, EV 105.6 MPH)
|
Batting: RHB Wei-guo Tsu
|
0-0: Swinging Strike 0-1: Ball 1-1: Ball 2-1: Swinging Strike 2-2: Ball 3-2: Strikes out swinging
|
Batting: LHB Juan Zuniga
|
0-0: Ball 1-0: Reached on error, E4 (Groundball, 4, EV 82.5 MPH) Bob Raine to second
|
Batting: RHB Tom Thompson
|
0-0: Grounds into double play, 4-6-3 (Groundball, 4S, EV 83.8 MPH)
|
Top of the 2nd over - 0 runs, 1 hit, 1 error, 1 left on base; Greensboro 1 - Atlanta (MID) 4 |
BOTTOM OF THE 2ND |
Atlanta (MID) Braves batting - Pitching for Greensboro Grasshoppers : LHP Evan Baxter
|
Batting: RHB Yorkis Saiki
|
0-0: Ball 1-0: Ball 2-0: Ground out 3-1 (Groundball, 34, EV 101.3 MPH)
|
Batting: LHB Mark Thomas
|
0-0: SINGLE (Line Drive, 4MD, EV 96.9 MPH)
|
Batting: SHB Brandon McClain
|
0-0: Called Strike 0-1: Ball 1-1: Ball 2-1: Foul Ball, location: 2F 2-2: Ground out 5-3 (Groundball, 5S, EV 72.5 MPH) Mark Thomas to second
|
Batting: RHB Andy Cunningham
|
0-0: Called Strike 0-1: Ball 1-1: Ball 2-1: Ground out 6-3 (Groundball, 6, EV 84.4 MPH)
|
Bottom of the 2nd over - 0 runs, 1 hit, 0 errors, 1 left on base; Greensboro 1 - Atlanta (MID) 4 |
TOP OF THE 3RD |
Greensboro Grasshoppers batting - Pitching for Atlanta (MID) Braves : RHP Andy Kiefer
|
Batting: RHB Masumitsu Sugiura
|
0-0: Foul Ball, location: 2F 0-1: SOLO HOME RUN (Line Drive, 89XD, EV 106.3 MPH), Distance : 393 ft
|
Batting: RHB Isaiah Brockman
|
0-0: Ball 1-0: Called Strike 1-1: Ball 2-1: Ground out U3 (Groundball, 3, EV 83.1 MPH)
|
Batting: RHB Jake Shelton
|
0-0: Foul Ball, location: 2F 0-1: Ball 1-1: Ground out 5-3 (Groundball, 56S, EV 85.0 MPH)
|
Batting: RHB Boof Howell
|
0-0: Ball 1-0: DOUBLE (Line Drive, 89D, EV 103.1 MPH)
|
Batting: RHB Jordan Arcidez
|
0-0: Foul Ball, location: 2F 0-1: Ground out 4-3 (Groundball, 4, EV 82.5 MPH)
|
Top of the 3rd over - 1 run, 2 hits, 0 errors, 1 left on base; Greensboro 2 - Atlanta (MID) 4 |
BOTTOM OF THE 3RD |
Atlanta (MID) Braves batting - Pitching for Greensboro Grasshoppers : LHP Evan Baxter
|
Batting: RHB Xavier Davis
|
0-0: Ball 1-0: SOLO HOME RUN (Line Drive, 78XD, EV 99.4 MPH), Distance : 400 ft
|
Batting: RHB Joseph Kirchmann
|
0-0: Foul Ball, location: 2F 0-1: Fly out, F9 (Line Drive, 9S, EV 89.4 MPH)
|
Batting: RHB Mike Shook
|
0-0: Ball 1-0: Ball 2-0: Fly out, F8 (Line Drive, 8LD, EV 108.1 MPH)
|
Batting: RHB Corey Dalton
|
0-0: Ball 1-0: Ball 2-0: Ball 3-0: Called Strike 3-1: SINGLE (Groundball, 4MD, EV 98.1 MPH)
|
Batting: RHB Nick Platt
|
0-0: Ball 1-0: Foul Ball, location: 2F 1-1: Ball 2-1: Swinging Strike 2-2: Ball 3-2: Base on Balls Corey Dalton to second
|
Pitching: RHP Reinaart Meyer
|
|
Batting: RHB Yorkis Saiki
|
0-0: Ball 1-0: Ground out U3 (Groundball, 34, EV 108.1 MPH)
|
Bottom of the 3rd over - 1 run, 2 hits, 0 errors, 2 left on base; Greensboro 2 - Atlanta (MID) 5 |
TOP OF THE 4TH |
Greensboro Grasshoppers batting - Pitching for Atlanta (MID) Braves : RHP Andy Kiefer
|
Batting: RHB Bob Raine
|
0-0: Ball 1-0: Foul Ball, location: 2F 1-1: Swinging Strike 1-2: Strikes out swinging
|
Batting: RHB Wei-guo Tsu
|
0-0: Ball 1-0: Ball 2-0: Ball 3-0: Called Strike 3-1: Ground out 4-3 (Groundball, 34D, EV 81.3 MPH)
|
Batting: LHB Juan Zuniga
|
0-0: Called Strike 0-1: Ball 1-1: Ball 2-1: Ball 3-1: Called Strike 3-2: Base on Balls
|
Batting: RHB Tom Thompson
|
0-0: Fielders Choice at 2nd, 6-4 (Groundball, 6, EV 86.3 MPH)
|
Top of the 4th over - 0 runs, 0 hits, 0 errors, 1 left on base; Greensboro 2 - Atlanta (MID) 5 |
BOTTOM OF THE 4TH |
Atlanta (MID) Braves batting - Pitching for Greensboro Grasshoppers : RHP Reinaart Meyer
|
Batting: LHB Mark Thomas
|
0-0: Swinging Strike 0-1: Swinging Strike 0-2: Strikes out swinging
|
Batting: SHB Brandon McClain
|
0-0: Ball 1-0: Called Strike 1-1: DOUBLE (Groundball, 3L, EV 95.0 MPH)
|
Batting: RHB Andy Cunningham
|
0-0: Ball Brandon McClain steals 3rd base 1-0: Ball 2-0: Ball 3-0: Base on Balls
|
Batting: RHB Xavier Davis
|
0-0: Ball Andy Cunningham steals 2nd, throwing error, E2 Brandon McClain scores Andy Cunningham to third 1-0: Called Strike 1-1: Ball 2-1: 2-RUN HOME RUN (Flyball, 7D, EV 100.0 MPH), Distance : 404 ft
|
Pitching: RHP Marco Quezada
|
|
Batting: RHB Joseph Kirchmann
|
0-0: Foul Ball, location: 2F 0-1: Ball 1-1: Ground out 5-3 (Groundball, 56S, EV 70.0 MPH)
|
Batting: RHB Mike Shook
|
0-0: Fly out, F7 (Flyball, 7D, EV 97.5 MPH)
|
Bottom of the 4th over - 3 runs, 2 hits, 1 error, 0 left on base; Greensboro 2 - Atlanta (MID) 8 |
TOP OF THE 5TH |
Greensboro Grasshoppers batting - Pitching for Atlanta (MID) Braves : RHP Andy Kiefer
|
Batting: RHB Masumitsu Sugiura
|
0-0: Called Strike 0-1: Foul Ball, location: 2F 0-2: Ball 1-2: Foul Ball, location: 2F 1-2: Foul Ball, location: 2F 1-2: Strikes out looking
|
Batting: RHB Isaiah Brockman
|
0-0: Ball 1-0: Ground out 1-3 (Groundball, 13S, EV 66.3 MPH)
|
Batting: RHB Jake Shelton
|
0-0: Swinging Strike 0-1: Ball 1-1: Ground out 1-3 (Groundball, P, EV 68.1 MPH)
|
Top of the 5th over - 0 runs, 0 hits, 0 errors, 0 left on base; Greensboro 2 - Atlanta (MID) 8 |
BOTTOM OF THE 5TH |
Atlanta (MID) Braves batting - Pitching for Greensboro Grasshoppers : RHP Marco Quezada
|
Batting: RHB Corey Dalton
|
0-0: Called Strike 0-1: Foul Ball, location: 2F 0-2: Ball 1-2: Foul Ball, location: 2F 1-2: Ball 2-2: Fly out, F7 (Flyball, 7, EV 78.8 MPH)
|
Batting: RHB Nick Platt
|
0-0: Called Strike 0-1: Ball 1-1: Called Strike 1-2: Strikes out swinging
|
Batting: RHB Yorkis Saiki
|
0-0: Ball 1-0: SINGLE (Groundball, 56D, EV 98.8 MPH)
|
Batting: LHB Mark Thomas
|
0-0: Ground out 1-3 (Groundball, 13S, EV 68.1 MPH)
|
Bottom of the 5th over - 0 runs, 1 hit, 0 errors, 1 left on base; Greensboro 2 - Atlanta (MID) 8 |
TOP OF THE 6TH |
Greensboro Grasshoppers batting - Pitching for Atlanta (MID) Braves : RHP Andy Kiefer
|
Batting: RHB Boof Howell
|
0-0: Ball 1-0: Called Strike 1-1: Swinging Strike 1-2: Foul Ball, location: 2F 1-2: Strikes out looking
|
Batting: RHB Jordan Arcidez
|
0-0: Ball 1-0: Called Strike 1-1: Ground out 6-3 (Groundball, 6, EV 86.3 MPH)
|
Batting: RHB Bob Raine
|
0-0: SINGLE (Groundball, 5S, EV 68.1 MPH) (infield hit)
|
Pitching: RHP Craig Goguen
|
|
Batting: RHB Wei-guo Tsu
|
0-0: Ball 1-0: Ball 2-0: Fly out, F9 (Flyball, 9, EV 93.1 MPH)
|
Top of the 6th over - 0 runs, 1 hit, 0 errors, 1 left on base; Greensboro 2 - Atlanta (MID) 8 |
BOTTOM OF THE 6TH |
Atlanta (MID) Braves batting - Pitching for Greensboro Grasshoppers : RHP Marco Quezada
|
Batting: SHB Brandon McClain
|
0-0: Foul Ball, location: 2F 0-1: Swinging Strike 0-2: Ball 1-2: Foul Ball, location: 2F 1-2: Strikes out looking
|
Batting: RHB Andy Cunningham
|
0-0: Ball 1-0: Fly out, F9 (Flyball, 9LM, EV 96.3 MPH)
|
Batting: RHB Xavier Davis
|
0-0: Ground out 5-3 (Groundball, 56, EV 109.4 MPH)
|
Bottom of the 6th over - 0 runs, 0 hits, 0 errors, 0 left on base; Greensboro 2 - Atlanta (MID) 8 |
TOP OF THE 7TH |
Greensboro Grasshoppers batting - Pitching for Atlanta (MID) Braves : RHP Craig Goguen
|
Batting: LHB Juan Zuniga
|
0-0: Called Strike 0-1: Swinging Strike 0-2: Ball 1-2: Foul Ball, location: 2F 1-2: Ball 2-2: Ball 3-2: Base on Balls
|
Batting: RHB Tom Thompson
|
0-0: Called Strike 0-1: Called Strike 0-2: Ball 1-2: Ball 2-2: Ball 3-2: Fielders Choice at 2nd, 1-6 (Groundball, 34S, EV 68.8 MPH)
|
Batting: RHB Masumitsu Sugiura
|
0-0: Foul Ball, location: 2F 0-1: Called Strike 0-2: Strikes out swinging
|
Batting: RHB Isaiah Brockman
|
0-0: Ball Tom Thompson steals 2nd base 1-0: SINGLE (Groundball, 56S, EV 72.5 MPH) (infield hit) Tom Thompson to third
|
Batting: RHB Jake Shelton
|
0-0: Called Strike 0-1: Fly out, F8 (Flyball, 78D, EV 109.4 MPH)
|
Top of the 7th over - 0 runs, 1 hit, 0 errors, 2 left on base; Greensboro 2 - Atlanta (MID) 8 |
BOTTOM OF THE 7TH |
Atlanta (MID) Braves batting - Pitching for Greensboro Grasshoppers : RHP Marco Quezada
|
Batting: RHB Joseph Kirchmann
|
0-0: Ball 1-0: Ball 2-0: Called Strike 2-1: Ball 3-1: Base on Balls
|
Batting: RHB Mike Shook
|
0-0: Ball 1-0: Swinging Strike 1-1: Ball 2-1: Grounds into double play, 3-6-1 (Groundball, 23, EV 81.3 MPH)
|
Batting: RHB Corey Dalton
|
0-0: Ball 1-0: Foul Ball, location: 2F 1-1: Foul Ball, location: 2F 1-2: Ball 2-2: SINGLE (Flyball, 3D, EV 91.3 MPH)
|
Batting: RHB Nick Platt
|
0-0: Fly out, F9 (Flyball, 9D, EV 86.3 MPH)
|
Bottom of the 7th over - 0 runs, 1 hit, 0 errors, 1 left on base; Greensboro 2 - Atlanta (MID) 8 |
TOP OF THE 8TH |
Greensboro Grasshoppers batting - Pitching for Atlanta (MID) Braves : RHP Craig Goguen
|
Batting: RHB Boof Howell
|
0-0: Called Strike 0-1: Foul Ball, location: 2F 0-2: Ball 1-2: Ground out 4-3 (Groundball, 4, EV 85.0 MPH)
|
Batting: RHB Jordan Arcidez
|
0-0: Called Strike 0-1: Called Strike 0-2: Strikes out swinging
|
Batting: RHB Bob Raine
|
0-0: Ball 1-0: Foul Ball, location: 2F 1-1: Swinging Strike 1-2: Ball 2-2: SINGLE (Flyball, 8LS, EV 88.8 MPH) - OUT at second base trying to stretch hit.
|
Top of the 8th over - 0 runs, 1 hit, 0 errors, 0 left on base; Greensboro 2 - Atlanta (MID) 8 |
BOTTOM OF THE 8TH |
Atlanta (MID) Braves batting - Pitching for Greensboro Grasshoppers : RHP Marco Quezada
|
Batting: RHB Yorkis Saiki
|
0-0: Fly out, F9 (Flyball, 89S, EV 87.5 MPH)
|
Batting: LHB Mark Thomas
|
0-0: Ball 1-0: Called Strike 1-1: Ball 2-1: Called Strike 2-2: Ground out U3 (Groundball, 13, EV 80.6 MPH)
|
Batting: SHB Brandon McClain
|
0-0: SINGLE (Groundball, 56D, EV 101.9 MPH)
|
Batting: RHB Andy Cunningham
|
0-0: Called Strike 0-1: Called Strike Brandon McClain steals 2nd base 0-2: Strikes out swinging
|
Bottom of the 8th over - 0 runs, 1 hit, 0 errors, 1 left on base; Greensboro 2 - Atlanta (MID) 8 |
TOP OF THE 9TH |
Greensboro Grasshoppers batting - Pitching for Atlanta (MID) Braves : RHP Craig Goguen
|
Batting: RHB Wei-guo Tsu
|
0-0: Ball 1-0: Ball 2-0: Ball 3-0: Ground out 5-3 (Groundball, 5, EV 103.1 MPH)
|
Batting: LHB Juan Zuniga
|
0-0: Called Strike 0-1: Ball 1-1: SINGLE (Groundball, 56S, EV 67.5 MPH) (infield hit)
|
Pitching: LHP Enrique Lopez
|
|
Batting: RHB Tom Thompson
|
0-0: Grounds into double play, 5-4-3 (Groundball, 56S, EV 81.3 MPH)
|
Top of the 9th over - 0 runs, 1 hit, 0 errors, 0 left on base; Greensboro 2 - Atlanta (MID) 8 |
|